 Dungeon Crawl Stone Soup version 0.31-a0-145-g046c7d2549 (webtiles) character file.

Game seed: 12180179770563519821

25577 wayreth the Grappler (level 12, -3/130 HPs)
             Began as a Troll Berserker on June 6, 2023.
             Was a High Priest of Trog.
             Succumbed to their own poison gas
             ... on level 2 of the Orcish Mines.
             The game lasted 00:32:58 (9373 turns).

wayreth the Grappler (Troll Berserker)              Turns: 9373, Time: 00:32:58

Health: -3/130     AC: 17    Str: 30    XL:     12   Next: 90%
Magic:  11/11      EV:  9    Int:  5    God:    Trog [*****.]
Gold:   1850       SH:  0    Dex:  9    Spells: 11/11 levels left

rFire   x .          .
                       - Unarmed
rCold   + + .        (no shield)
rNeg    . . .        s - +0 ice dragon scales
rPois   .            (helmet restricted)
rElec   .            z - +1 cloak {Will+}
rCorr   .            (gloves unavailable)
SInv    .            (boots unavailable)
Will    +....        H - amulet of Vitality {RegenMP++ Regen++} Stlth
                     (no ring)
HPRegen 2.81/turn    (no ring)
MPRegen 0.92/turn

%: no passive effects
@: lethally poisoned (-3 -> -27), spiked, attractive, invisible
A: large, unfitting armour, claws 3, regeneration 1, shaggy fur 1, tough skin 1
a: Renounce Religion, Berserk, Trog's Hand, Brothers in Arms


You were on level 2 of the Orcish Mines.
You worshipped Trog.
Trog was extremely pleased with you.
You visited 2 branches of the dungeon, and saw 12 of its levels.

You collected 1850 gold pieces.

Inventory:

Armour
 s - +0 ice dragon scales (worn)
 z - a +1 cloak of willpower (worn)
Jewellery
 v - an amulet of reflection
 y - an amulet of guardian spirit
 A - a ring of poison resistance
 B - an amulet of the acrobat
 H - the amulet of Vitality (around neck) {RegenMP++ Regen++}
   (You found it on level 7 of the Dungeon)

   [amulet of magic regeneration]

   It increases your rate of magic regeneration.
   Regen:     It increases your rate of health regeneration.
 I - an amulet of faith
 P - a ring of see invisible
 U - the amulet of Tonozubb {Spirit rElec Regen+ rCorr Dex-2}
   (You found it on level 9 of the Dungeon)

   [amulet of guardian spirit]

   It causes incoming damage to be divided between your reserves of health and
   magic.
   Dex:       It affects your dexterity (-2).
   rElec:     It insulates you from electricity.
   Regen:     It increases your rate of health regeneration.
   rCorr:     It protects you from acid and corrosion.
Wands
 r - a wand of flame (27)
 t - a wand of roots (9)
 x - a wand of mindburst (14)
 D - a wand of polymorph (9)
 O - a wand of paralysis (4)
 T - a wand of digging (4)
Scrolls
 b - 2 scrolls of teleportation {unknown}
 c - 2 scrolls of summoning {unknown}
 e - 6 scrolls of identify
 h - 2 scrolls of blinking {unknown}
 n - 2 scrolls of enchant weapon {unknown}
 p - 2 scrolls of brand weapon {unknown}
 q - 2 scrolls of immolation {unknown}
 u - a scroll of torment {unknown}
 w - 2 scrolls of poison
 C - a scroll of vulnerability {unknown}
 J - a scroll of enchant armour {unknown}
 L - 2 scrolls of fear
 M - 2 scrolls of noise {unknown}
 N - a scroll of amnesia {unknown}
 R - 2 scrolls of magic mapping {unknown}
Potions
 a - 2 potions of might {unknown}
 d - 4 potions of curing {unknown}
 f - a potion of magic {unknown}
 g - a potion of experience {unknown}
 i - 3 potions of brilliance {unknown}
 j - 12 potions of degeneration
 k - a potion of mutation {unknown}
 l - 2 potions of heal wounds {unknown}
 m - a potion of berserk rage {unknown}
 o - 2 potions of attraction
 E - a potion of cancellation {unknown}
 F - 2 potions of resistance {unknown}
 G - a potion of lignification {unknown}
 K - a potion of ambrosia {unknown}
 Q - a potion of enlightenment {unknown}
 S - a potion of invisibility


   Skills:
 + Level 11.2 Fighting
 - Level 10.2 Armour
 * Level 4.9 Dodging
 - Level 2.0 Shields
 - Level 12.3 Unarmed Combat
 + Level 0.4 Evocations


You had 11 spell levels left.
You didn't know any spells.
Your spell library was empty.

Dungeon Overview and Level Annotations

Branches:
Dungeon (10/15)            Temple (0/1) D:4            Lair (0/5) D:8
    Orc (2/2) D:10            Elf (0/3) Orc:2

Altars:
Cheibriados
Hepliaklqana
Nemelex Xobeh
Okawaru
Qazlal
Ru
Wu Jian
Xom
Zin
The Shining One

Shops:
D:1 [   D:9 (

Annotations:
D:8 2 transporters, rigao's ghost, novice DgCj


Innate Abilities, Weirdness & Mutations

You are too large for most types of armour.
You have claws for hands.
Your natural rate of healing is unusually fast.
You are covered in fur. (AC +1)
You have tough skin. (AC +1)


Message History

Your skin stops crawling.
You feel less strong-willed.
You feel extremely sick.
The orc high priest is engulfed in poison gas.
The orc high priest is poisoned.
The red devil hits you from afar with a +0 trident!
* * * LOW HITPOINT WARNING * * *
Barbed spikes become lodged in your body.
It was a potion of attraction.
You feel attractive to monsters.
You are engulfed in poison gas.
You are more poisoned.
* * * LOW HITPOINT WARNING * * *
x2 You feel extremely sick.
The sun demon hits you but does no damage.
The orc high priest barely misses you.
The orc is engulfed in poison gas.
The orc is poisoned.
The orc high priest is engulfed in poison gas.
The orc high priest looks even sicker.
The orc knight is engulfed in poison gas.
The orc knight is poisoned.
The orc knight hits you with a +0 broad axe!
* * * LOW HITPOINT WARNING * * *
The orc knight is engulfed in poison gas.
The orc knight is poisoned.
The orc priest is engulfed in poison gas.
The orc priest is poisoned.
The orc warrior is engulfed in poison gas.
The orc warrior is poisoned.
The orc warrior wails, "Oh dear!
Oh dear!"
The red devil hits you but does no damage.
The orc high priest is attracted toward you.
The orc warrior is attracted toward you. x2
The orc is attracted toward you.
The orc warrior is attracted toward you.
The orc priest is attracted toward you. x2
It was a potion of invisibility.
You fade into invisibility!
You are more poisoned.
* * * LOW HITPOINT WARNING * * *
You die...

....).......#### ##.##
.....).)##### ### .......)..#
####### ....#..)..# ###.§§§§###
..........####§§.§§§§.§###
..#.......##§§.§.§§§.§...##
..........#..§§..§4.....).# #
..........#§#§#§#o#§#§#§#)#o#.#o#
..........§§§§§§@ooo§§§...)oo.o..
..........§§§§§§§3.ooo§§o.#.#..o.
..........§§§§§§§§§oo.§§o..o.o ..
....).....#§#§#§#§#§#§#§#.#.#.#
..........#§§)§§.§§§§.§§..###...
..........##.§§§.§§§§§.§.## ...
..........####§..§§..§§### #.
..#.......# ###.§§§§###
..........# #######


You could see an orc knight (strong, unable to see you, poisoned), 2 orc high
priests, a sun demon (summoned, unable to see you), a red devil (summoned,
unable to see you), 3 orc warriors, 2 orc priests and an orc (strong, unable to
see you, fleeing, poisoned).

Vanquished Creatures
  An entropy weaver (shapeshifter) (D:9)
  Erica (D:10)
  A centaur warrior (D:9)
  A tengu warrior (D:9)
  3 orc high priests
  A deep elf pyromancer (D:9)
  3 ugly things (D:9)
  An orc knight (Orc:2)
  2 orc sorcerers (Orc:2)
  The ghost of Ge0ff the Conjurer, a novice OpRe (D:6)
  2 manticores (D:9)
  2 cyclopes
  Psyche (D:8)
  4 trolls (D:7)
  A hornet (D:10)
  Grinder (D:4)
  18 yaks
  3 basilisks
  2 wyverns (D:8)
  8 vampire mosquitoes
  Grum (D:8)
  2 steam dragons
  5 wargs
  Duvessa (D:7)
  5 water moccasins
  14 orc warriors
  A swamp drake (D:10)
  2 sky beasts (D:7)
  5 black bears
  3 ogres
  2 ice beasts
  4 wolves
  2 centaurs (D:7)
  A phantom (D:5)
  A kobold brigand (D:9)
  4 bullfrogs (D:7)
  3 gnoll sergeants
  5 scorpions
  19 wights
  Dowan (D:7)
  12 killer bees (D:9)
  7 howler monkeys
  3 hounds
  Crazy Yiuf (D:6)
  18 orc priests
  4 gnoll boudas
  3 sleepcaps
  Terence (D:3)
  4 iguanas
  30 orc wizards
  2 centaur simulacra (D:9)
  18 gnolls
  6 adders
  4 white imps
  2 ufetubi
  A worm (D:4)
  A dart slug (D:3)
  70 orcs
  5 bats
  6 endoplasms
  3 giant cockroaches
  9 goblins
  8 hobgoblins
  5 jackals
  3 quokkas
  10 ball pythons
  8 frilled lizards
  13 kobolds
  4 rats
399 creatures vanquished.

Vanquished Creatures (collateral kills)
  3 orc knights (Orc:2)
  3 orc warriors (Orc:2)
  4 orc priests (Orc:2)
10 creatures vanquished.

Vanquished Creatures (others)
  A gnoll (D:6)
1 creature vanquished.

Grand Total: 410 creatures vanquished

Notes
Turn   | Place    | Note
-------+----------+-------------------------------------------
     0 | D:1      | wayreth the Troll Berserker began the quest for the Orb.
     0 | D:1      | Reached XP level 1. HP: 22/22 MP: 0/0
   101 | D:1      | Found Budeipes's Armour Shoppe.
   143 | D:1      | Reached XP level 2. HP: 29/29 MP: 1/1
   634 | D:2      | Reached XP level 3. HP: 37/37 MP: 2/2
   676 | D:2      | Reached ** piety under Trog
   683 | D:2      | Identified the +5 ring mail of Living Satisfaction {rElec
                  | Will+ Stlth-}
   888 | D:2      | Reached skill level 4 in Unarmed Combat
  1019 | D:2      | Reached XP level 4. HP: 45/45 MP: 3/3
  1505 | D:3      | Found a transporter.
  1514 | D:3      | Found a transporter.
  1636 | D:3      | Noticed Terence
  1641 | D:3      | Killed Terence
  2014 | D:3      | Reached *** piety under Trog
  2250 | D:4      | Reached XP level 5. HP: 50/53 MP: 4/4
  2270 | D:4      | Reached skill level 5 in Unarmed Combat
  2357 | D:4      | Noticed Grinder
  2367 | D:4      | Reached XP level 6. HP: 62/62 MP: 5/5
  2367 | D:4      | Paralysed by Grinder for 4 turns
  2376 | D:4      | Killed Grinder
  2377 | D:4      | Reached skill level 6 in Unarmed Combat
  2403 | D:4      | Found a staircase to the Ecumenical Temple.
  2410 | D:4      | Reached XP level 7. HP: 70/70 MP: 6/6
  2489 | D:4      | Reached skill level 7 in Unarmed Combat
  2722 | D:4      | Found a glowing golden altar of the Shining One.
  2917 | D:5      | Entered Level 5 of the Dungeon
  2982 | D:5      | Reached skill level 8 in Unarmed Combat
  2998 | D:5      | Reached XP level 8. HP: 77/79 MP: 7/7
  3061 | D:5      | Reached **** piety under Trog
  3421 | D:6      | Reached skill level 9 in Unarmed Combat
  3555 | D:6      | Found a transporter.
  3577 | D:6      | Found a sacrificial altar of Ru.
  3623 | D:6      | Found a runed translucent door.
  3624 | D:6      | Noticed Crazy Yiuf
  3629 | D:6      | Killed Crazy Yiuf
  3630 | D:6      | Reached skill level 5 in Fighting
  3701 | D:6      | Noticed Ge0ff's ghost (novice OpRe)
  3713 | D:6      | Found a transporter.
  3736 | D:6      | Killed Ge0ff's ghost
  3737 | D:6      | Reached skill level 10 in Unarmed Combat
  3825 | D:6      | Identified the +2 buckler "Waerr" {Will+ Int+2 Stlth+}
  3834 | D:6      | Reached skill level 1 in Shields
  4067 | D:6      | Found an ornate altar of the Wu Jian Council.
  4075 | D:6      | Found a shimmering altar of Xom.
  4136 | D:6      | Reached XP level 9. HP: 88/88 MP: 8/8
  4250 | D:7      | Noticed Duvessa
  4251 | D:7      | Noticed Dowan
  4268 | D:7      | Killed Duvessa
  4269 | D:7      | Reached skill level 11 in Unarmed Combat
  4298 | D:7      | Killed Dowan
  4334 | D:7      | Noticed a troll
  4354 | D:7      | Noticed a troll
  4364 | D:7      | Killed a troll
  4365 | D:7      | Reached skill level 12 in Unarmed Combat
  4372 | D:7      | Killed a troll
  4382 | D:7      | Noticed a cyclops
  4387 | D:7      | Killed a cyclops
  4388 | D:7      | Reached skill level 1 in Armour
  4388 | D:7      | Reached XP level 10. HP: 80/100 MP: 9/9
  4613 | D:7      | Found a stormy altar of Qazlal.
  4613 | D:7      | Found a sparkling altar of Nemelex Xobeh.
  4620 | D:7      | Found an iron altar of Okawaru.
  4620 | D:7      | Found a glowing silver altar of Zin.
  4632 | D:7      | Identified the +0 robe "Itiuffyh" {Str+3}
  4707 | D:7      | Reached ***** piety under Trog
  4838 | D:7      | Found the amulet of Vitality {RegenMP++ Regen++}
  5296 | D:8      | Noticed Grum
  5344 | D:8      | Killed Grum
  5437 | D:8      | Found a transporter.
  5437 | D:8      | Noticed rigao's ghost (novice DgCj)
  5446 | D:8      | Noticed a skeletal warrior
  5498 | D:8      | Found a transporter.
  5509 | D:8      | Found a staircase to the Lair.
  5532 | D:8      | Reached skill level 5 in Armour
  5912 | D:8      | Noticed Psyche
  5924 | D:8      | Killed Psyche
  5925 | D:8      | Reached XP level 11. HP: 104/113 MP: 10/10
  6092 | D:9      | Received a gift from Trog
  6232 | D:9      | Noticed a white ugly thing
  6232 | D:9      | Noticed a centaur warrior
  6232 | D:9      | Noticed a tengu warrior
  6232 | D:9      | Noticed a brown ugly thing
  6233 | D:9      | Noticed a deep elf pyromancer
  6242 | D:9      | Noticed a green ugly thing
  6766 | D:9      | Found Danusoe's Antique Weapon Shoppe.
  6808 | D:10     | Entered Level 10 of the Dungeon
  6809 | D:10     | Noticed Erica
  6818 | D:10     | Killed Erica
  7247 | D:10     | Found a snail-covered altar of Cheibriados.
  7257 | D:10     | Found a hazy altar of Hepliaklqana.
  7546 | D:10     | Found a staircase to the Orcish Mines.
  7968 | D:9      | Killed a tengu warrior
  7971 | D:9      | Killed a deep elf pyromancer
  7980 | D:9      | Killed a green ugly thing
  7981 | D:9      | Reached XP level 12. HP: 116/126 MP: 11/11
  7991 | D:9      | Killed a centaur warrior
  7993 | D:9      | Noticed an entropy weaver
  8051 | D:9      | Killed an entropy weaver
  8052 | D:9      | Reached skill level 10 in Fighting
  8056 | D:9      | Reached skill level 10 in Armour
  8116 | D:9      | Identified the amulet of Tonozubb {Spirit rElec Regen+
                  | rCorr Dex-2}
  8272 | Orc:1    | Entered Level 1 of the Orcish Mines
  8285 | Orc:1    | Noticed an orc high priest
  8366 | Orc:1    | Killed an orc high priest
  8366 | Orc:1    | Received a gift from Trog
  8600 | Orc:2    | Entered Level 2 of the Orcish Mines
  8677 | Orc:2    | Noticed an orc high priest
  8686 | Orc:2    | Killed an orc high priest
  9084 | Orc:2    | Received a gift from Trog
  9283 | Orc:2    | Found a staircase to the Elven Halls.
  9286 | Orc:2    | Noticed an orc high priest
  9294 | Orc:2    | Killed an orc high priest
  9348 | Orc:2    | Noticed an orc high priest
  9355 | Orc:2    | Noticed an orc high priest
  9355 | Orc:2    | Noticed an orc high priest
  9373 | Orc:2    | HP: 5/130 [something (5)]
  9373 | Orc:2    | Succumbed to their own poison gas

Illustrated notes

Levels and vault maps discovered:
D:1:      lightli_molten_gateway, layout_basic, serial_shops,
          nicolae_shop_crystal
D:2:      layout_loops_ring, minmay_pentomino_pile
D:3:      gammafunk_wand_slinger, layout_loops_ring, minmay_stone_trees_small,
          hangedman_decor_points, guppyfry_early_orc_mine, uniq_terence
D:4:      layout_cave_pools, nicolae_tso_swordbearing_angel,
          minmay_temple_entry_nine_rooms, uniq_grinder
D:5:      layout_cave_pools
D:6:      layout_cave_pools, nicolae_ru_great_annihilating_truth, minitemple,
          gammafunk_ghost_gnarly_gnolls, uniq_crazy_yiuf_cottage
D:7:      minmay_the_grid_plus [minmay_the_grid_stretched_grid,
          minmay_the_grid_dragon_a, minmay_the_grid_minigrid_large,
          minmay_the_grid_pillar_ring, minmay_the_grid_prize_big_room],
          layout_basic, grunt_temple_overflow_open, uniq_duvessa
D:8:      layout_loops_ring, minmay_lair_entry_grove, gammafunk_ghost_arena,
          uniq_psyche, uniq_grum
D:9:      minmay_flawed_box, layout_long_grid, serial_ice, serial_ice_e,
          serial_ice_g, serial_ice_j, serial_ice_b, serial_shops, shop,
          minivault_12
D:10:     layout_rooms, mainiacjoe_overflow_big_doors, erik_orc_1, uniq_erica
Orc:1:    layout_caves
Orc:2:    st_orc_pillars, layout_diamond_mine

Skill      XL: |  1  2  3  4  5  6  7  8  9 10 11 12 |
---------------+-------------------------------------+-----
Fighting       | 3 4 5 6 8 9 11 | 11.2
Unarmed Combat | 4 5 6 8 10 12 | 12.3
Shields        | 1 2 |  2.0
Armour         | 1 5 9 10 | 10.2
Dodging        | 4 |  4.9
Evocations     | |  0.4

Action                     |  1- 3 |  4- 6 |  7- 9 | 10-12 || total
---------------------------+-------+-------+-------+-------++-------
  Melee: Unarmed           |   112 |   105 |   255 |   683 ||  1155
         Punch             |       |     2 |     8 |    39 ||    49
 Invoke: Trog's Hand       |       |       |     3 |     6 ||     9
         Brothers in Arms  |       |       |     1 |     2 ||     3
         Berserk           |       |       |       |     1 ||     1
  Evoke: Wand              |       |       |       |     2 ||     2
    Use: Scroll            |       |       |       |     3 ||     3
         Potion            |       |       |       |     2 ||     2
   Stab: Paralysed         |       |       |     1 |       ||     1
 Armour: Animal skin       |    52 |    14 |       |       ||    66
         Ice dragon scales |       |    31 |   119 |   372 ||   522
  Dodge: Dodged            |    69 |    38 |   127 |   244 ||   478
  Block: Other             |       |       |    16 |       ||    16

Table legend: (Time is in decaauts)
 A = Elapsed time spent in this place.
 B = Non-inter-level travel time spent in this place.
 C = Inter-level travel time spent in this place.
 D = Time resting spent in this place.
 E = Time spent auto-exploring this place.
 F = Levels seen in this place.
 G = Mean time per level.
                   A        B        C        D        E       F      G
               +--------+--------+--------+--------+--------+-----+--------+
         Total |   9175 |   8440 |    735 |    119 |   5906 |  12 |  764.6 |
       Dungeon |   8173 |   7460 |    713 |    119 |   5245 |  10 |  817.3 |
  Orcish Mines |   1001 |    980 |     21 |      0 |    661 |   2 |  500.5 |
               +--------+--------+--------+--------+--------+-----+--------+

Top non-repeatable levels by time:
     D:7: 1154 daAuts
     D:9: 1082 daAuts
    D:10: 906 daAuts
     D:3: 890 daAuts
     D:2: 821 daAuts
     D:6: 796 daAuts
   Orc:2: 740 daAuts
     D:8: 719 daAuts
     D:4: 692 daAuts
     D:1: 612 daAuts
     D:5: 497 daAuts
   Orc:1: 261 daAuts
